 Dungeon Crawl Stone Soup version 0.27.1-3-gb3d3a73c9e (webtiles) character file.

Game seed: 5007291638608244803

3140 BlueLoon the Ducker (level 9, -9/69 HPs)
             Began as a Demonspawn Ice Elementalist on Oct 13, 2021.
             Mangled by a two-headed ogre (19 damage)
             ... on level 5 of the Dungeon.
             The game lasted 00:26:58 (5225 turns).

BlueLoon the Ducker (Demonspawn Ice Elementalist)   Turns: 5225, Time: 00:27:04

Health: -9/69      AC:  3    Str: 11    XL:     9   Next: 61%
Magic:  13/16      EV: 19    Int: 17    God:
Gold:   156        SH:  0    Dex: 14    Spells: 5/18 levels left

rFire    . . .     SeeInvis .   i - +3 dagger (elec)
rCold    . . .     Faith    .   (no shield)
rNeg     . . .     Spirit   .   a - +0 robe
rPois    .         Reflect  .   (no helmet)
rElec    .         Harm     .   (no cloak)
rCorr    .         Rampage  .   (no gloves)
Will     .....                  (no boots)
Stlth    +++.......             (no amulet)
HPRegen  0.21/turn              g - ring of flight
MPRegen  0.15/turn              (no ring)

@: agile, freezing walls, flying
A: talons 2, rugged brown scales 1, ignite blood 1, powered by pain 1
a: no special abilities


You were on level 5 of the Dungeon.
You visited 1 branch of the dungeon, and saw 5 of its levels.

You collected 156 gold pieces.

Inventory:

Hand Weapons
 b - a +2 vorpal hand axe
 f - a +2 dagger of freezing
 i - a +3 dagger of electrocution (weapon)
 v - a +2 flail of pain
Missiles
 j - 3 javelins (quivered)
Armour
 a - a +0 robe (worn)
Magical Staves
 k - a staff of poison
Jewellery
 g - a ring of flight (left hand)
Wands
 s - a wand of polymorph (17)
Scrolls
 c - a scroll of torment
 m - 4 scrolls of identify {unknown}
 n - a scroll of fog {unknown}
 p - 2 scrolls of silence {unknown}
 r - a scroll of amnesia {unknown}
 t - a scroll of enchant weapon {unknown}
 w - a scroll of immolation {unknown}
Potions
 d - a potion of flight {unknown}
 e - a potion of berserk rage {unknown}
 h - 2 potions of brilliance
 l - 2 potions of attraction {unknown}
 o - a potion of haste {unknown}
 q - a potion of magic {unknown}
 u - a potion of heal wounds {unknown}


   Skills:
 * Level 4.8 Fighting
 * Level 4.8 Short Blades
 - Level 4.8 Axes
 * Level 4.2 Throwing
 * Level 5.6 Dodging
 * Level 4.5 Stealth
 * Level 5.2 Spellcasting
 * Level 4.2 Conjurations
 + Level 2.9 Hexes
 * Level 4.8 Necromancy
 * Level 5.3 Ice Magic
 * Level 4.6 Poison Magic
 + Level 3.6 Invocations
 + Level 3.1 Evocations


You had 5 spell levels left.
You knew the following spells:

 Your Spells              Type           Power      Damage    Failure   Level
a - Freeze                Ice            88%        1d10      1%          1
b - Frozen Ramparts       Ice            44%        1d6       4%          3
c - Corpse Rot            Necr/Air       N/A        N/A       8%          2
d - Hailstorm             Conj/Ice       20%        3d6       19%         4
e - Ozocubu's Armour      Ice            22%        N/A       4%          3

Your spell library contained the following spells:

 Spells                   Type           Power      Damage    Failure   Level
 Dispel Undead            Necr           21%        3d11      19%         4
 Summon Guardian Golem    Hex/Summ       9%         N/A       22%         3
 Death Channel            Necr           10%        N/A       96%         6
 Orb of Destruction       Conj           9%         9d4       100%        7
 Spellforged Servitor     Conj/Summ      5%         N/A       100%        7


Dungeon Overview and Level Annotations

Branches:
Dungeon (5/15)
 Temple: D:4-7

Altars:
Ashenzari
Makhleb

Annotations:
D:5 1 runed translucent door


Innate Abilities, Weirdness & Mutations

You have razor-sharp toenails.
You are partially covered in rugged brown scales. (AC +1, +3% HP)
Your demonic aura sometimes causes spilled blood to erupt in flames.
You sometimes gain a little power by taking damage.


Message History

Throw: 5 javelins
Press: ? - help, Q - select action, (/) - cycle Shift-Dir - straight line, f - two-headed ogre
Aim: a two-headed ogre, wielding a +0 giant club and a +0 dire flail (77% to hit)
You throw a javelin.
The javelin pierces through the two-headed ogre!
The two-headed ogre is lightly wounded.
Casting: Hailstorm (dangerous; 19% risk of failure)
Confirm with . or Enter, or press ? or * to list all spells.
Casting: Frozen Ramparts (dangerous; 4% risk of failure)
Press: ? - help, Dir - look around, f - activate The walls around you are covered in ice.
Throw: 4 javelins
Press: ? - help, Q - select action, (/) - cycle Shift-Dir - straight line, f - two-headed ogre
Aim: a two-headed ogre, wielding a +0 giant club and a +0 dire flail (lightly wounded, 77% to hit)
You throw a javelin.
The javelin pierces through the two-headed ogre.
The two-headed ogre is lightly wounded.
The wall freezes the two-headed ogre.
You hit the two-headed ogre.
The two-headed ogre is moderately wounded.
The wall freezes the two-headed ogre.
The two-headed ogre hits you with a +0 giant club!
The two-headed ogre hits you with a +0 dire flail!!
You focus on the pain.
You feel agile all of a sudden.
You hit the two-headed ogre. Your kick misses the two-headed ogre.
The two-headed ogre is moderately wounded.
You hit the two-headed ogre but do no damage.
The two-headed ogre is moderately wounded.
The wall freezes the two-headed ogre.
The two-headed ogre hits you with a +0 giant club!!
* * * LOW HITPOINT WARNING * * *
The two-headed ogre barely misses you.
As you read the scroll labelled DATSUOSTR EXETA, it crumbles to dust.
Your body is wracked with pain!
* * * LOW HITPOINT WARNING * * *
The two-headed ogre convulses!
It was a scroll of torment.
The wall freezes the two-headed ogre.
The two-headed ogre hits you with a +0 giant club!!
You die...

###...##......# ..#
######.###......# ..#
...>...# #......# .(#
##.##### #......# ..#
#.# #.....#.# ..# .
##.#######....#.#.#..#.#
..............##.#....#.
#########....#.##O.....#
#...#.#°@○......
#...##(○°.......
#..#............
#....)..........
#(........######
###########


You could see a two-headed ogre.

Vanquished Creatures
  An orc warrior (D:4)
  An ogre (D:4)
  A phantom (D:5)
  3 scorpions (D:4)
  A water moccasin skeleton (D:4)
  A jelly (D:4)
  A centaur skeleton (D:5)
  A hound (D:5)
  An orc priest (D:4)
  Jessica (D:2)
  2 iguanas (D:4)
  Terence (D:2)
  3 orc wizards (D:4)
  Natasha (twice) (D:2)
  6 adders
  3 gnolls (D:4)
  An adder skeleton (D:4)
  A worm (D:3)
  3 dart slugs
  9 orcs
  6 ball pythons
  5 endoplasms
  5 giant cockroaches
  10 goblins
  7 hobgoblins
  4 jackals (D:4)
  3 quokkas
  A bat (D:1)
  6 frilled lizards
  8 kobolds
  7 rats
105 creatures vanquished.

Notes
Turn   | Place    | Note
-------+----------+-------------------------------------------
     0 | D:1      | BlueLoon the Demonspawn Ice Elementalist began the quest
                  | for the Orb.
     0 | D:1      | Reached XP level 1. HP: 13/13 MP: 3/3
   110 | D:1      | Gained mutation: You have sharp toenails. [demonic
                  | ancestry]
   110 | D:1      | Reached XP level 2. HP: 13/19 MP: 5/5
   630 | D:1      | Gained mutation: You are partially covered in rugged brown
                  | scales. (AC +1, +3% HP) [demonic ancestry]
   630 | D:1      | Reached XP level 3. HP: 16/25 MP: 6/6
   634 | D:1      | Learned a level 3 spell: Frozen Ramparts
  1183 | D:2      | Noticed Jessica
  1188 | D:2      | Killed Jessica
  1189 | D:2      | Reached skill level 1 in Axes
  1734 | D:2      | Found a faded altar of an unknown god.
  1775 | D:2      | Noticed Terence
  1784 | D:2      | Killed Terence
  1785 | D:2      | Reached skill level 1 in Fighting
  1785 | D:2      | Reached XP level 4. HP: 25/32 MP: 7/7
  1971 | D:2      | Noticed Natasha
  1977 | D:2      | Killed Natasha
  2114 | D:2      | Noticed Natasha
  2121 | D:2      | Killed Natasha
  2122 | D:2      | Reached skill level 1 in Short Blades
  2122 | D:2      | Gained mutation: You have razor-sharp toenails. [demonic
                  | ancestry]
  2122 | D:2      | Reached XP level 5. HP: 29/38 MP: 4/8
  3040 | D:4      | Learned a level 2 spell: Corpse Rot
  3136 | D:4      | Noticed an ogre
  3144 | D:4      | HP: 1/38 [ogre (21)]
  3148 | D:4      | Killed an ogre
  3149 | D:4      | Reached XP level 6. HP: 2/44 MP: 5/10
  3551 | D:4      | Learned a level 4 spell: Hailstorm
  3656 | D:4      | Found a burning altar of Makhleb.
  3680 | D:4      | Reached skill level 1 in Necromancy
  3937 | D:4      | Noticed an orc warrior
  3945 | D:4      | HP: 1/45 [orc warrior (11)]
  3947 | D:4      | Killed an orc warrior
  3948 | D:4      | Reached skill level 1 in Throwing
  3948 | D:4      | Reached skill level 1 in Poison Magic
  4343 | D:4      | Gained mutation: You sometimes gain a little power by
                  | taking damage. [demonic ancestry]
  4343 | D:4      | Reached XP level 7. HP: 39/50 MP: 7/11
  4626 | D:4      | Reached skill level 1 in Conjurations
  4712 | D:4      | Reached skill level 5 in Ice Magic
  4712 | D:4      | Gained mutation: Your demonic aura sometimes causes spilled
                  | blood to erupt in flames. [demonic ancestry]
  4712 | D:4      | Reached XP level 8. HP: 50/61 MP: 8/15
  4713 | D:4      | Reached skill level 5 in Dodging
  4713 | D:4      | Reached skill level 5 in Spellcasting
  4713 | D:4      | Reached XP level 9. HP: 55/67 MP: 8/16
  4741 | D:4      | Learned a level 3 spell: Ozocubu's Armour
  4951 | D:5      | Entered Level 5 of the Dungeon
  5034 | D:5      | Found a broken altar of Ashenzari.
  5121 | D:5      | Found a runed translucent door.
  5216 | D:5      | Noticed a two-headed ogre
  5225 | D:5      | Mangled by a two-headed ogre

Illustrated notes

Levels and vault maps discovered:
D:1:      lemuel_arrival_tunnels, layout_basic, fountainhead, minmay_domino_4
D:2:      layout_loops_corners, hellmonk_ecumenical_altar_heavens_door,
          uniq_terence, uniq_natasha, uniq_jessica
D:3:      layout_rooms
D:4:      minmay_recursive_quarters, layout_loops_ring,
          overflow_temple_1_default, minmay_small_thing
D:5:      layout_loops_ring, mainiacjoe_overflow_small_starburst,
          minmay_misc_feat_secret_circle, lightli_church_of_beogh,
          uniq_crazy_yiuf_cottage

Skill      XL: |  1  2  3  4  5  6  7  8 |
---------------+-------------------------+-----
Stealth        | 2 3 4 |  4.5
Dodging        | 2 4 5 |  5.6
Axes           | 1 2 4 |  4.8
Ice Magic      | 4 5 |  5.3
Fighting       | 1 4 |  4.8
Short Blades   | 1 4 |  4.8
Spellcasting   | 3 4 5 |  5.2
Necromancy     | 1 3 4 |  4.8
Throwing       | 1 3 4 |  4.2
Poison Magic   | 1 3 4 |  4.6
Conjurations   | 3 4 |  4.2
Hexes          | 2 |  2.9
Invocations    | 2 3 |  3.6
Evocations     | 2 3 |  3.1

Action                   |  1- 3 |  4- 6 |  7- 9 || total
-------------------------+-------+-------+-------++-------
Melee: Hand axe          |    52 |       |       ||    52
       Kick              |    12 |    10 |    10 ||    32
       Dagger            |    13 |    72 |    38 ||   123
Throw: Javelin           |       |     4 |    12 ||    16
 Cast: Freeze            |     7 |     3 |     1 ||    11
       Frozen Ramparts   |     1 |    12 |     7 ||    20
       Corpse Rot        |       |       |     1 ||     1
       Hailstorm         |       |       |     3 ||     3
       Ozocubu's Armour  |       |       |     1 ||     1
  Use: Potion            |       |     1 |     2 ||     3
       Scroll            |       |       |     1 ||     1
 Stab: Sleeping          |     2 |     4 |     2 ||     8
Armor: Robe              |    11 |     5 |     3 ||    19
Dodge: Dodged            |    33 |    30 |    20 ||    83
